Map: Lerilak Crest

Players

AcerBly (Bly)

  • Race: Zerg Zerg
  • League: Grandmaster

HuK - Winner!

  • Race: Protoss Protoss
  • League: Grandmaster

Event: Gauntlet Monday Night

VOD

Have the link to the VOD?

Description

Time

  • Played on: Jan. 4, 2016, 4:45 p.m.
  • Length: 16:20

All games in this series

Show
View Real Time Build Order
Export as new Build Order

AcerBly Zerg 

Build Orders: Hatch First 

Get SALT Encoding   

  12  0:01  Drone  
  13  0:12  Overlord  
  13  0:18  Drone  
  14  0:30  Drone x2  
  14  0:34  Drone  
  17  0:52  Hatchery  
  16  1:06  Spawning Pool  
  16  1:08  Drone  
  16  1:11  Drone  
  16  1:16  Drone  
  18  1:20  Drone  
  19  1:45  Hatchery  
  18  1:53  Zergling x6  
  21  1:58  Extractor, Queen  
  23  2:22  Drone x4  
  27  2:26  Overlord  
  27  2:27  Extractor, Queen  
  29  2:39  Overlord  
  29  2:44  Queen  
  29  2:46  Drone  
  29  2:51  Drone x3  
  35  2:55  Extractor  
  35  2:57  Extractor  
  33  2:58  Drone x2  
  34  3:09  Drone x3  
  34  3:10  Drone x2  
  34  3:12  Drone  
  38  3:19  Zergling x4  
  40  3:25  Queen  
  40  3:26  Zergling x2  
  43  3:27  Zergling x2  
  43  3:34  Zergling x4  
  46  3:37  Zergling x2  
  47  3:44  Zergling x4  
  46  3:51  Drone  
  46  3:54  Spore Crawler  
  42  3:56  Queen  
  42  4:00  Queen  
  44  4:08  Zergling x4  
  46  4:10  Drone x4  
  49  4:21  Drone  
  47  4:32  Queen  
  47  4:37  Drone  
  47  4:38  Drone x2  
  49  4:39  Overlord  
  49  4:45  Lair, Metabolic Boost  
  49  4:46  Overlord  
  49  4:52  Roach Warren  
  48  5:04  Drone x5  
  48  5:05  Overlord  
  53  5:08  Drone x3  
  53  5:09  Drone x2  
  53  5:12  Drone x2  
  60  5:18  Drone x3  
  60  5:19  Drone  
  64  5:28  Overlord  
  64  5:29  Overlord x2  
  64  5:31  Extractor  
  64  5:32  Extractor  
  62  5:36  Roach x2  
  62  5:42  Glial Reconstitution  
  66  5:46  Overlord, Overseer  
  66  5:47  Overlord  
  66  5:52  Roach x4  
  66  5:55  Overlord  
  74  6:05  Roach x5  
  81  6:21  Roach x2  
  81  6:22  Roach x6  
  97  6:30  Roach x4  
  97  6:31  Overlord  
  105  6:39  Overlord x2  
  105  6:44  Overlord  
  105  6:54  Roach x4  
  113  6:55  Overlord x2  
  113  6:58  Ravager x4  
  113  6:59  Ravager x2  
  119  7:12  Roach x5  
  119  7:13  Overlord, Roach  
  122  7:36  Roach x10  
  93  8:01  Roach x9  
  101  8:15  Roach  
  101  8:16  Roach x2  
  101  8:19  Overlord  
  101  8:22  Drone  
  101  8:23  Drone  
  103  8:35  Extractor  
  103  8:38  Extractor  
  97  8:41  Roach x4  
  97  8:46  Ravager x5  
  108  8:50  Hatchery  
  108  8:54  Queen  
  107  8:56  Drone  
  107  8:57  Drone x9  
  107  9:00  Overlord  
  117  9:06  Spire  
  106  9:29  Roach x4  
  106  9:30  Roach x8  
  118  9:32  Overlord  
  118  9:40  Zergling x6  
  121  9:51  Zergling x2  
  121  9:52  Zergling x12  
  128  9:59  Roach  
  130  10:00  Extractor  
  130  10:04  Extractor  
  114  10:11  Roach  
  114  10:12  Roach x5  
  104  10:19  Roach x6  
  96  10:27  Roach x3  
  88  10:41  Mutalisk x3  
  90  10:48  Mutalisk x2  
  88  10:54  Drone x2  
  90  10:57  Mutalisk  
  90  11:01  Ravager x2  
  90  11:02  Ravager  
  90  11:03  Ravager  
  96  11:05  Mutalisk  
  98  11:12  Mutalisk  
  100  11:18  Drone x3  
  100  11:20  Drone  
  100  11:22  Drone  
  104  11:30  Drone x4  
  108  11:44  Mutalisk x4  
  114  11:51  Drone x4  
  118  12:02  Drone  
  118  12:03  Drone x4  
  118  12:07  Drone x2  
  118  12:08  Drone  
  126  12:17  Mutalisk x3  
  132  12:31  Mutalisk x3  
  136  12:56  Roach  
  136  12:57  Roach x13  
  136  13:13  Mutalisk x5  
  137  13:26  Mutalisk x3  
  139  13:33  Roach  
  139  13:34  Roach x5  
  140  13:59  Roach x9  
  153  14:16  Mutalisk x2  
  108  14:45  Overseer  
  91  15:04  Drone x5  
  45  15:53  Hatchery  
Show
View Real Time Build Order
Export as new Build Order

HuK Protoss - Winner!

Build Orders: Nexus First 

Get SALT Encoding   

  12  0:01  Probe (Chrono Boost)  
  13  0:11  Probe (Chrono Boost)  
  14  0:17  Pylon  
  14  0:22  Probe (Chrono Boost)  
  15  0:35  Probe (Chrono Boost)  
  16  0:46  Probe (Chrono Boost)  
  17  0:59  Nexus  
  17  1:09  Gateway  
  17  1:12  Probe (Chrono Boost)  
  17  1:16  Assimilator  
  18  1:22  Probe (Chrono Boost)  
  18  1:25  Assimilator  
  19  1:33  Probe (Chrono Boost)  
  19  1:37  Gateway  
  20  1:43  Probe (Chrono Boost)  
  21  1:54  Probe (Chrono Boost)  
  22  1:56  Cybernetics Core  
  22  2:04  Probe (Chrono Boost)  
  23  2:10  Zealot (Chrono Boost)  
  23  2:11  Probe (Chrono Boost)  
  23  2:15  Probe (Chrono Boost)  
  27  2:20  Probe (Chrono Boost)  
  28  2:25  Probe  
  29  2:35  Adept (Chrono Boost)  
  29  2:36  Adept (Chrono Boost)  
  33  2:38  Mothership Core, Probe  
  35  2:50  Probe  
  36  2:59  Probe  
  36  3:02  Probe  
  37  3:11  Probe (Chrono Boost)  
  37  3:14  Probe (Chrono Boost)  
  37  3:16  Warp Gate  
  38  3:20  Pylon  
  38  3:27  Pylon  
  38  3:29  Pylon  
  38  3:30  Probe (Chrono Boost)  
  38  3:37  Pylon  
  38  3:39  Sentry x2, Probe (Chrono Boost)  
  38  3:40  Probe (Chrono Boost)  
  42  4:00  Probe x2 (Chrono Boost)  
  42  4:02  Gateway  
  44  4:03  Twilight Council  
  44  4:09  Forge  
  44  4:10  Probe (Chrono Boost)  
  44  4:12  Gateway  
  45  4:20  Probe (Chrono Boost)  
  45  4:21  Probe (Chrono Boost)  
  45  4:22  Assimilator x2  
  47  4:30  Probe (Chrono Boost), Protoss Ground Weapons Level 1  
  46  4:35  Probe (Chrono Boost)  
  47  4:42  Mothership Core (Chrono Boost), Resonating Glaives (Chrono Boost)  
  50  4:45  Probe (Chrono Boost)  
  50  4:50  Pylon  
  50  4:56  Probe (Chrono Boost), Pylon  
  50  4:59  Pylon  
  51  5:01  Probe (Chrono Boost)  
  53  5:07  Probe  
  53  5:14  Probe  
  53  5:21  Sentry x4  
  60  5:23  Robotics Facility  
  60  5:27  Probe  
  63  5:31  Nexus  
  63  5:33  Pylon  
  63  5:37  Pylon  
  63  5:47  Adept x4  
  71  5:55  Probe  
  71  5:57  Probe  
  73  6:07  Probe  
  73  6:08  Adept x3  
  73  6:09  Adept  
  82  6:20  Immortal (Chrono Boost)  
  86  6:30  Sentry  
  86  6:31  Stalker x3  
  94  6:37  Protoss Ground Weapons Level 2 (Chrono Boost)  
  94  6:45  Pylon  
  94  6:46  Probe  
  95  6:47  Pylon  
  95  6:51  Immortal  
  95  6:52  Pylon  
  95  6:56  Sentry, Pylon  
  95  6:59  Sentry  
  103  7:05  Sentry  
  103  7:06  Zealot  
  104  7:25  Immortal, Adept  
  104  7:26  Adept  
  96  7:33  Adept x2  
  76  7:47  Adept x2  
  78  7:58  Adept  
  78  8:02  Immortal  
  82  8:08  Pylon  
  82  8:09  Sentry  
  82  8:10  Sentry  
  82  8:11  Probe (Chrono Boost)  
  83  8:13  Probe x2 (Chrono Boost)  
  84  8:21  Adept x2  
  84  8:22  Probe (Chrono Boost)  
  84  8:23  Probe (Chrono Boost)  
  84  8:24  Probe (Chrono Boost)  
  91  8:31  Probe  
  91  8:32  Stalker  
  91  8:33  Probe  
  94  8:35  Gateway  
  94  8:36  Probe  
  94  8:37  Gateway  
  94  8:40  Immortal  
  96  8:41  Protoss Ground Weapons Level 3 (Chrono Boost)  
  96  8:48  Probe  
  100  8:54  Probe  
  100  8:57  Probe  
  100  8:58  Probe  
  102  9:06  Probe  
  102  9:07  Blink (Chrono Boost)  
  102  9:09  Probe  
  102  9:11  Sentry x2  
  106  9:23  Stalker x2  
  107  9:29  Immortal  
  105  9:33  Probe x2  
  105  9:36  Stalker  
  105  9:37  Stalker  
  115  9:39  Stalker  
  115  9:43  Gateway  
  117  9:46  Probe x2  
  117  9:47  Probe  
  117  9:49  Assimilator  
  117  9:51  Assimilator  
  120  9:58  Probe x2  
  120  9:59  Probe  
  105  10:14  Immortal  
  105  10:21  Stalker x5  
  83  10:50  Stalker x5, Immortal  
  97  11:07  Pylon  
  97  11:14  Sentry x3  
  97  11:16  Stalker x3, Protoss Ground Armor Level 1 (Chrono Boost)  
  109  11:24  Immortal  
  109  11:27  Nexus  
  109  11:30  Pylon  
  108  11:46  Pylon  
  108  11:52  Pylon  
  108  11:55  Stalker x4  
  114  12:05  Probe  
  113  12:18  Probe  
  113  12:20  Stalker x3  
  113  12:21  Stalker x2  
  113  12:22  Sentry  
  126  12:24  Probe  
  126  12:31  Probe  
  126  12:33  Pylon  
  126  12:42  Stalker  
  126  12:44  Stalker x2  
  124  12:59  Stalker x3  
  126  13:16  Stalker x2  
  126  13:17  Stalker  
  125  13:22  Stalker  
  119  13:34  Probe  
  119  13:35  Mothership Core  
  122  13:45  Stalker x3  
  120  14:00  Stalker x2  
  120  14:01  Stalker  
  124  14:03  Probe x2  
  126  14:11  Stalker x2  
  106  14:32  Stalker x3  
  94  14:52  Stalker  
  53  15:57  Sentry  
Tags
 
Add a new tag
Caveats
  • Supply blocks, unpowered buildings, or Contaminate may cause inaccurate times.
  • Supply counts are checked every 10 seconds.